Map: Lerilak Crest

Players

llllllllllll

  • Race: Zerg Zerg
  • League: Diamond

Wellmet - Winner!

  • Race: Terran Terran
  • League: Diamond

VOD

Have the link to the VOD?

Description

Time

  • Played on: Nov. 13, 2015, 9:21 p.m.
  • Length: 9:31
Show
View Real Time Build Order
Export as new Build Order

llllllllllll Zerg 

Build Orders: Hatch First 

Get SALT Encoding   

  12  0:01  Drone  
  13  0:13  Overlord  
  13  0:18  Drone  
  14  0:32  Drone x2  
  16  0:35  Drone  
  17  0:53  Hatchery  
  17  0:56  Extractor  
  15  0:57  Drone  
  16  1:13  Spawning Pool  
  16  1:15  Drone  
  17  1:18  Drone  
  17  1:21  Drone  
  18  1:29  Drone  
  19  1:40  Overlord  
  19  2:05  Queen x2  
  19  2:07  Zergling x6  
  26  2:14  Metabolic Boost  
  26  2:16  Drone x2  
  28  2:27  Drone x2  
  30  2:35  Drone  
  31  2:37  Overlord  
  31  2:46  Queen  
  31  2:49  Queen  
  35  2:53  Drone  
  36  2:59  Drone  
  36  3:00  Drone x2  
  39  3:07  Drone  
  39  3:10  Overlord  
  40  3:17  Drone x4  
  44  3:22  Overlord  
  44  3:40  Lair, Extractor x2  
  42  3:45  Evolution Chamber  
  42  3:47  Evolution Chamber  
  40  3:49  Baneling Nest  
  40  3:50  Drone x5  
  44  4:07  Drone x3  
  44  4:08  Drone x3  
  50  4:10  Drone  
  50  4:13  Drone  
  52  4:18  Overlord x2  
  51  4:44  Spire  
  50  4:45  Zerg Melee Weapons Level 1  
  50  4:49  Drone  
  51  5:02  Zerg Ground Armor Level 1  
  51  5:21  Zergling x6  
  51  5:22  Zergling x2  
  51  5:23  Centrifical Hooks  
  44  5:57  Drone  
  44  5:58  Drone x2  
  44  5:59  Drone  
  44  6:00  Drone  
  44  6:01  Drone x8  
  57  6:05  Drone, Extractor  
  57  6:06  Drone  
  57  6:09  Drone  
  59  6:11  Hatchery  
  59  6:13  Hatchery  
  57  6:48  Zergling x18  
  66  6:58  Zerg Ground Armor Level 2, Zerg Melee Weapons Level 2  
  66  7:00  Extractor  
  65  7:01  Infestation Pit  
  65  7:02  Zerg Flyer Weapons Level 1  
  65  7:07  Drone x2  
  65  7:08  Extractor  
  65  7:15  Hatchery  
  64  7:17  Baneling  
  64  7:18  Baneling x11  
  64  7:27  Drone x3  
  64  7:28  Drone x3, Queen  
  64  7:29  Drone  
  73  7:30  Drone x3  
  73  7:32  Extractor  
  75  7:37  Extractor  
  74  7:47  Zergling x14  
  73  8:00  Zergling x2  
  73  8:01  Zergling x16  
  78  8:07  Zergling x4  
  78  8:09  Baneling x14  
  78  8:10  Zergling x2, Baneling  
  78  8:11  Zergling x2  
  82  8:23  Overlord x4  
  82  8:27  Overlord x2  
  82  8:42  Drone x9  
Show
View Real Time Build Order
Export as new Build Order

Wellmet Terran - Winner!

Build Orders: Command Center First (CC), MMM Bio 

Get SALT Encoding   

  12  0:01  SCV  
  13  0:13  SCV  
  14  0:17  Supply Depot  
  14  0:25  SCV  
  15  0:39  SCV  
  16  0:51  SCV  
  17  1:02  Command Center  
  17  1:05  SCV  
  18  1:15  Barracks  
  18  1:19  SCV  
  19  1:26  Refinery  
  19  1:31  SCV  
  20  1:43  SCV  
  21  2:02  Orbital Command  
  21  2:03  Marine  
  21  2:07  Bunker  
  22  2:13  Orbital Command  
  22  2:21  Marine  
  23  2:27  Factory  
  23  2:29  SCV  
  23  2:39  SCV  
  23  2:41  SCV  
  25  2:48  Barracks Reactor  
  25  2:51  SCV  
  25  2:53  SCV  
  27  3:02  Command Center  
  27  3:04  SCV  
  28  3:07  SCV  
  28  3:08  Refinery  
  29  3:16  SCV  
  29  3:19  SCV  
  31  3:23  Starport  
  31  3:28  SCV  
  31  3:30  Hellion x2  
  31  3:31  SCV  
  37  3:35  Barracks Tech Lab  
  37  3:36  Supply Depot  
  37  3:40  SCV  
  38  3:58  SCV x2, Hellion x2, Stimpack, Marauder  
  46  4:13  SCV, Viking  
  46  4:14  Orbital Command  
  49  4:19  SCV  
  49  4:20  Marauder  
  49  4:22  Supply Depot  
  52  4:28  Hellion  
  52  4:29  Hellion  
  52  4:30  SCV  
  57  4:31  SCV  
  58  4:40  SCV  
  58  4:42  Marauder  
  58  4:44  SCV x2  
  63  4:52  Supply Depot, Starport Reactor  
  63  4:56  SCV  
  63  4:57  Barracks  
  63  4:58  SCV x2  
  63  4:59  Barracks  
  66  5:01  Factory Reactor  
  66  5:02  Barracks  
  66  5:07  Marauder  
  66  5:08  SCV  
  66  5:10  Supply Depot  
  70  5:14  SCV x2  
  70  5:19  Engineering Bay  
  70  5:20  Engineering Bay  
  71  5:21  SCV  
  71  5:23  Refinery  
  71  5:24  Refinery  
  70  5:28  SCV  
  70  5:32  SCV  
  72  5:42  SCV x2  
  68  5:43  Marauder  
  68  5:55  Factory Tech Lab  
  68  5:56  Starport Reactor, Marine x4  
  70  5:57  Orbital Command  
  70  5:59  Terran Infantry Weapons Level 1, Terran Infantry Armor Level 1  
  70  6:01  SCV  
  70  6:04  Supply Depot, Marine  
  71  6:05  Marine x2  
  71  6:06  Combat Shields  
  71  6:09  Missile Turret  
  74  6:14  Missile Turret x2  
  74  6:15  Missile Turret  
  74  6:16  Siege Tank, Missile Turret x2  
  74  6:17  Marine x3  
  74  6:18  Marine  
  81  6:23  SCV x2  
  83  6:26  Bunker  
  83  6:27  Marine x2  
  83  6:31  Marine  
  86  6:35  SCV x2, Marine x2  
  86  6:38  Marine  
  86  6:39  Marine  
  92  6:49  Supply Depot, Medivac x2  
  96  6:56  Supply Depot, Marine x2  
  96  6:58  Marine x3  
  96  7:01  Supply Depot  
  101  7:08  Supply Depot  
  101  7:10  Armory, Siege Tank, Marine  
  101  7:11  Supply Depot, Liberator x2  
  101  7:13  SCV x2  
  101  7:15  Marauder  
  109  7:16  Supply Depot  
  109  7:17  Marine x2  
  109  7:18  Supply Depot  
  111  7:24  Marine x2  
  119  7:30  SCV  
  119  7:32  Refinery  
  119  7:36  Marine x3  
  122  7:37  Refinery  
  122  7:40  Supply Depot  
  122  7:42  SCV x2  
  125  7:49  Supply Depot  
  125  7:52  Marine x4  
  125  7:54  Liberator x2  
  125  7:56  Starport  
  123  8:00  Marine x3  
  124  8:09  SCV  
  124  8:11  Barracks  
  131  8:15  Barracks x2  
  131  8:17  Marine x3  
  131  8:18  Marine  
  135  8:33  Starport Reactor  
  135  8:42  Marine x2  
  135  8:44  Command Center, Marauder  
  135  8:47  Marine x2  
  141  8:51  Supply Depot  
  141  9:02  Marine x2  
  138  9:03  Marine x3  
  138  9:04  Barracks Reactor x2  
  127  9:10  Marine x2  
  127  9:11  Marine  
  138  9:26  Barracks Reactor  
Tags
 
Add a new tag
Caveats
  • Supply blocks, unpowered buildings, or Contaminate may cause inaccurate times.
  • Supply counts are checked every 10 seconds.